 Dungeon Crawl Stone Soup version 0.29-a0-362-g5854e031c7 (webtiles) character file.

Game seed: 7567492475720263939

170 oldriver the Skirmisher (level 5, -2/46 HPs)
             Began as a Palentonga Abyssal Knight on Apr 30, 2022.
             Was a Priest of Lugonu.
             Slain by a gnoll
             ... wielding a +0 halberd
              (10 damage)
             ... on level 4 of the Dungeon.
             The game lasted 00:04:01 (2827 turns).

oldriver the Skirmisher (Palentonga Abyssal Knight) Turns: 2827, Time: 00:04:01

Health: -2/46      AC:  4    Str: 25    XL:     5   Next: 25%
Magic:  6/6        EV:  9    Int: 11    God:    Lugonu [***...]
Gold:   10         SH:  0    Dex: 10    Spells: 4/4 levels left

rFire   . . .      SeeInvis +   r - +5 war axe of the Briny Deep {vorpal, Fragile rCorr Str+7 Stlth+}
rCold   . . .      Faith    .   (no shield)
rNeg    . . .      Spirit   .   b - +0 leather armour
rPois   .          Reflect  .   (no helmet)
rElec   .          Harm     .   (no cloak)
rCorr   +          Rampage  .   (no gloves)
Will    .....                   (no barding)
Stlth   ++........              (no amulet)
HPRegen 0.15/turn               (no ring)
MPRegen 0.10/turn               (no ring)

@: no status effects
A: large, rugged brown scales 3, see invisible, deformed body, roll 1, armoured
tail
a: Rolling Charge, Renounce Religion, Depart the Abyss, Bend Space, Banish


You were on level 4 of the Dungeon.
You worshipped Lugonu.
Lugonu was most pleased with you.
You visited 1 branch of the dungeon, and saw 4 of its levels.
You visited the Abyss 1 time.

You collected 180 gold pieces.
You spent 170 gold pieces at shops.

Inventory:

Hand Weapons
 r - the +5 war axe of the Briny Deep (weapon) {vorpal, Fragile rCorr Str+7 Stlth+}
   (You bought it in a shop on level 3 of the Dungeon)

   It inflicts extra damage upon your enemies.
   Str:       It affects your strength (+7).
   rCorr:     It protects you from acid and corrosion.
   Fragile:   It will be destroyed if unequipped.
   Stlth:     It makes you more stealthy.
Armour
 b - a +0 leather armour (worn)
Scrolls
 f - a scroll of teleportation
 j - a scroll of fear
 m - 3 scrolls of magic mapping
 o - 3 scrolls of vulnerability
Potions
 d - a potion of berserk rage
 e - 3 potions of degeneration
 h - 3 potions of haste
 l - 2 potions of flight
 p - a potion of curing
 q - a potion of attraction


   Skills:
 * Level 4.5 Fighting
 * Level 4.0 Axes
 - Level 1.8 Armour
 - Level 1.2 Dodging
 - Level 2.0 Invocations


You had 4 spell levels left.
You didn't know any spells.
Your spell library contained the following spells:

 Spells                   Type           Power      Damage    Failure   Level
 Magic Dart               Conj           0%         1d3       36%         1
 Searing Ray              Conj           0%         2d4       52%         2
 Static Discharge         Conj/Air       0%         N/A       52%         2
 Dazzling Flash           Conj/Hex       0%         N/A       75%         3
 Dispel Undead            Necr           0%         3d6       98%         4
 Fulminant Prism          Conj/Hex       0%         3d6       98%         4
 Iskenderun's Mystic Bla  Conj/Tloc      0%         2d3       98%         4
 Sticky Flame             Conj/Fire      0%         2d3       98%         4
 Starburst                Conj/Fire      0%         6d3       100%        6


Dungeon Overview and Level Annotations

Branches:
Dungeon (4/15)
 Temple: D:4-7

Altars:

Shops:
D:1 [(   D:3 (


Innate Abilities, Weirdness & Mutations

You are completely covered in rugged brown scales. (AC +3, +7% HP)
You have supernaturally acute eyesight. (SInv)
Armour fits poorly on your strangely shaped body.
You can roll at nearby foes to attack.
You have a long armoured tail.


Message History

You roll forward with a clatter of scales!
You slice the gnoll!!
You kill the gnoll!
Lugonu accepts your kill.
You hear a shout!
You closely miss the gnoll shaman.
The gnoll shaman hits you with a +0 whip.
You closely miss the gnoll shaman. You tail-slap the gnoll shaman.
The gnoll shaman is lightly wounded.
The gnoll shaman hits you with a +0 whip!
The gnoll barely misses you.
The gnoll hits you from afar with a +0 spear.
You roll forward with a clatter of scales!
A gnoll comes into view. It is wielding a +0 whip.
The gnoll shouts!
You slice the gnoll!!
You kill the gnoll!
Lugonu accepts your kill.
You hit the gnoll shaman.
The gnoll shaman hits you with a +0 whip.
Your Axes skill increases to level 4!
You are too injured to fight recklessly!
You are too injured to fight recklessly!
You are too injured to fight recklessly!
Unknown command.
You hit the gnoll.
Your tail-slap misses the gnoll.
The gnoll is heavily wounded.
You hit the gnoll shaman. The gnoll hits you with a +0 club.
The gnoll shaman hits you with a +0 whip!
* * * LOW HITPOINT WARNING * * *
The gnoll hits you from afar with a +0 halberd!
* * * LOW HITPOINT WARNING * * *
Okay, then.
Okay, then.
You don't have enough health at the moment.
You feel better. The gnoll hits you with a +0 club.
* * * LOW HITPOINT WARNING * * *
The gnoll shaman barely misses you.
The gnoll hits you from afar with a +0 halberd!
You die...

##.###......
#####[...#..... #.
......
............... #.
......
..............
......
####..#.##.... ....
#......##.... .....
###..#..####...
......#####...##..#
###.
.........g....##.##
.
###.#..g@°..######
#..gg####.## ##.K.
#...## #.## #....#
... #....# ...
..[...... ...
g......####.#
g...##...# ..#.
?...#


You could see a gnoll shaman, 3 gnolls and a kobold.

Vanquished Creatures
  A scorpion (D:4)
  A hound (D:4)
  An adder (D:2)
  2 gnolls (D:4)
  9 bats
  4 endoplasms
  6 goblins
  5 hobgoblins
  3 quokkas
  5 ball pythons
  4 frilled lizards
  7 kobolds
  7 rats
55 creatures vanquished.

Notes
Turn   | Place    | Note
-------+----------+-------------------------------------------
     0 | Abyss:1  | oldriver the Palentonga Abyssal Knight began the quest for
                  | the Orb.
     0 | Abyss:1  | Reached XP level 1. HP: 19/19 MP: 2/2
    33 | Abyss:1  | Noticed a raiju
    37 | D:1      | Escaped the Abyss
    85 | D:1      | Found Ykeono's Weapon Shoppe.
   100 | D:1      | Reached ** piety under Lugonu
   214 | D:1      | Found a faded altar of an unknown god.
   216 | D:1      | Reached XP level 2. HP: 25/25 MP: 3/3
   219 | D:1      | Found Jucu's Antique Armour Boutique.
   221 | D:1      | Reached skill level 1 in Dodging
  1217 | D:2      | Reached XP level 3. HP: 18/31 MP: 4/4
  2171 | D:3      | Reached *** piety under Lugonu
  2456 | D:3      | Found Anidir's Antique Weapon Boutique.
  2464 | D:3      | Bought an encrusted war axe for 170 gold pieces
  2464 | D:3      | Identified the +5 war axe of the Briny Deep {vorpal,
                  | Fragile rCorr Str+7 Stlth+} (You bought it in a shop on
                  | level 3 of the Dungeon)
  2642 | D:4      | Noticed a scorpion
  2659 | D:4      | Killed a scorpion
  2660 | D:4      | Reached XP level 4. HP: 33/39 MP: 5/5
  2788 | D:4      | Reached XP level 5. HP: 45/46 MP: 6/6
  2826 | D:4      | HP: 1/46 [gnoll/+0 halberd (10)]
  2827 | D:4      | Slain by a gnoll

Illustrated notes

Levels and vault maps discovered:
D:1:      dpeg_arrival_pits, layout_basic, serial_shops, shop, shop_statue,
          dreamdust_ecumenical_altar_angels_and_demons
D:2:      layout_basic
D:3:      layout_loops_ring, serial_shops, shop
D:4:      layout_rooms, minmay_temple_entry_stoned_glass

Skill      XL: |  1  2  3  4  5 |
---------------+----------------+-----
Dodging        | 1 |  1.2
Axes           | 3 4 |  4.0
Fighting       | 4 |  4.5
Armour         | |  1.8
Invocations    | |  2.0

Action                   |  1- 3 |  4- 6 || total
-------------------------+-------+-------++-------
Melee: Hand axe          |   114 |       ||   114
       Tailslap          |     6 |     2 ||     8
       War axe           |     5 |    13 ||    18
Invok: Depart the Abyss  |     1 |       ||     1
 Abil: Rolling Charge    |    25 |     5 ||    30
  Use: Scroll            |    14 |       ||    14
       Potion            |       |     1 ||     1
Armor: Leather armour    |    55 |     5 ||    60
Dodge: Dodged            |    58 |     2 ||    60

Table legend: (Time is in decaauts)
 A = Elapsed time spent in this place.
 B = Non-inter-level travel time spent in this place.
 C = Inter-level travel time spent in this place.
 D = Time resting spent in this place.
 E = Time spent auto-exploring this place.
 F = Levels seen in this place.
 G = Mean time per level.
                   A        B        C        D        E       F      G
               +--------+--------+--------+--------+--------+-----+--------+
         Total |   2851 |   2784 |     67 |    402 |   1970 |   5 |  570.2 |
       Dungeon |   2814 |   2747 |     67 |    402 |   1970 |   4 |  703.5 |
         Abyss |     37 |     37 |      0 |      0 |      0 |   1 |   37.0 |
               +--------+--------+--------+--------+--------+-----+--------+

Top non-repeatable levels by time:
     D:2: 959 daAuts
     D:1: 856 daAuts
     D:3: 785 daAuts
     D:4: 213 daAuts
 Abyss:1: 37 daAuts
